 Dungeon Crawl Stone Soup version 0.28-a0-1518-gbe868bca14 (webtiles) character file.

Game seed: 9152811697202304309

51 hashsling the Magician (level 3, 0/19 HPs)
             Began as a Deep Elf Conjurer on Jan 16, 2022.
             Killed by nerve-wracking pain
             ... invoked by an orc priest
              (2 damage)
             ... on level 3 of the Dungeon.
             The game lasted 00:02:59 (1732 turns).

hashsling the Magician (Deep Elf Conjurer)          Turns: 1732, Time: 00:02:59

Health: 0/19       AC:  3    Str:  4    XL:     3   Next: 58%
Magic:  4/12       EV: 12    Int: 24    God:
Gold:   100        SH:  0    Dex: 13    Spells: 7/13 levels left

rFire   . . .      SeeInvis .   c - +2 dagger (drain)
rCold   . . .      Faith    .   (no shield)
rNeg    . . .      Spirit   .   a - +0 robe
rPois   .          Reflect  .   (no helmet)
rElec   .          Harm     .   (no cloak)
rCorr   .          Rampage  .   g - +0 pair of gloves
Will    .....                   (no boots)
Stlth   ++........              (no amulet)
HPRegen 0.06/turn               j - ring of wizardry
MPRegen 0.13/turn               (no ring)

@: no status effects
A: no striking features
a: no special abilities


You were on level 3 of the Dungeon.
You visited 1 branch of the dungeon, and saw 3 of its levels.

You collected 100 gold pieces.

Inventory:

Hand Weapons
 c - a +2 dagger of draining (weapon)
Armour
 a - a +0 robe (worn)
 g - a +0 pair of gloves (worn)
Jewellery
 j - a ring of wizardry (left hand)
Scrolls
 b - a scroll of magic mapping {unknown}
 d - 6 scrolls of identify {unknown}
 e - a scroll of vulnerability {unknown}
 f - a scroll of enchant weapon {unknown}
 h - a scroll of teleportation {unknown}
Potions
 i - a potion of magic {unknown}
 k - a potion of invisibility {unknown}


   Skills:
 - Level 2.4 Dodging
 - Level 2.4 Stealth
 + Level 5.5 Spellcasting
 - Level 4.3 Conjurations


You had 7 spell levels left.
You knew the following spells:

 Your Spells              Type           Power      Damage    Failure   Level
a - Magic Dart            Conj           100%       1d8       1%          1
b - Searing Ray           Conj           54%        2d6       1%          2
c - Dazzling Flash        Conj/Hex       34%        N/A       4%          3

Your spell library contained the following spells:

 Spells                   Type           Power      Damage    Failure   Level
 Fulminant Prism          Conj/Hex       8%         3d7       14%         4
 Iskenderun's Mystic Bla  Conj/Tloc      17%        2d5       14%         4


Dungeon Overview and Level Annotations

Branches:
Dungeon (3/15)

Altars:


Message History

The magic dart hits the orc.
The orc is severely wounded.
An orc wizard comes into view. It is wielding a +0 dagger.
The orc wizard gestures wildly while chanting.
The orc wizard flickers and vanishes!
Deactivating autopickup; reactivate with Ctrl-A.
The magic dart hits the orc.
The orc is almost dead.
An orc priest comes into view. It is wielding a +0 club.
The magic dart hits the orc.
You kill the orc!
The orc priest shouts!
A puff of flame appears from out of thin air!
The puff of flame hits you.
An orc comes into view. It is wielding a +0 club.
You barely miss the orc priest.
The orc priest mumbles some strange prayers to Beogh against you.
Pain shoots through your body!
You hit the orc priest. You drain the orc priest.
The orc priest is moderately wounded.
The orc priest calls down the wrath of Beogh upon you.
Beogh smites you!
Ouch! That really hurt!
* * * LOW HITPOINT WARNING * * *
You hear a shout!
Casting: Magic Dart (safe; 1% risk of failure)
Confirm with . or Enter, or press ? or * to list all spells.
The spell is quite dangerous to miscast (4% risk of failure)!
Continue anyway?
Casting: Dazzling Flash (quite dangerous; 4% risk of failure)
Press: ? - help, Dir - look around, f - activate The orc priest is dazzled.
Something hits you but does no damage. The orc priest completely misses you.
You completely miss the orc priest.
The orc priest is lightly wounded.
Something hits you but does no damage. The orc priest closely misses you.
You miss something. Something hits you.
* * * LOW HITPOINT WARNING * * *
The orc priest mumbles some strange prayers to Beogh against you.
Pain shoots through your body!
You die...

.########
......o.######
.†. #@##...##
..)..#{#.....##
#.o...).......#
#.#...........#
##.#.<#...#.#####
#.#..#####.....#
#.#..# #.###.# #
#..#####.# #.#
#........###<#


You could see an orc priest (blind, drained).

Vanquished Creatures
  An adder (D:2)
  2 dart slugs (D:1)
  2 orcs (D:3)
  3 ball pythons
  3 endoplasms
  A giant cockroach (D:2)
  3 goblins
  6 hobgoblins
  2 kobolds (D:1)
  2 quokkas
  3 bats
  3 frilled lizards (D:1)
  3 rats
34 creatures vanquished.

Notes
Turn   | Place    | Note
-------+----------+-------------------------------------------
     0 | D:1      | hashsling the Deep Elf Conjurer began the quest for the
                  | Orb.
     0 | D:1      | Reached XP level 1. HP: 10/10 MP: 6/6
   142 | D:1      | You fall into a shaft and drop 1 floor!
   275 | D:2      | Reached skill level 4 in Spellcasting
   275 | D:2      | Reached XP level 2. HP: 15/15 MP: 6/9
   278 | D:2      | Learned a level 2 spell: Searing Ray
  1132 | D:1      | Reached XP level 3. HP: 19/19 MP: 9/11
  1136 | D:1      | Learned a level 3 spell: Dazzling Flash
  1166 | D:1      | Reached skill level 5 in Spellcasting
  1732 | D:3      | Killed from afar by an orc priest

Illustrated notes

Levels and vault maps discovered:
D:1:      lemuel_arrival_lava_pool, layout_basic
D:2:      layout_loops_ring, corexii_hall_statues_t
D:3:      layout_loops_ring, shapermc_ecumenical_altar_pompeii, serial_shops,
          nicolae_shop_statue_plus, gup_sewer_entry_glass, uniq_terence

Skill      XL: |  1  2  3 |
---------------+----------+-----
Spellcasting   | 4 5 |  5.5
Dodging        | |  2.4
Stealth        | |  2.4
Conjurations   | |  4.3

Action                   || total
-------------------------++-------
Melee: Dagger            ||     6
 Cast: Magic Dart        ||    67
       Dazzling Flash    ||     1
Armor: Robe              ||     6
Dodge: Dodged            ||     7

Table legend: (Time is in decaauts)
 A = Elapsed time spent in this place.
 B = Non-inter-level travel time spent in this place.
 C = Inter-level travel time spent in this place.
 D = Time resting spent in this place.
 E = Time spent auto-exploring this place.
 F = Levels seen in this place.
 G = Mean time per level.
                   A        B        C        D        E       F      G
               +--------+--------+--------+--------+--------+-----+--------+
         Total |   1730 |   1636 |     94 |      0 |   1479 |   3 |  576.7 |
       Dungeon |   1730 |   1636 |     94 |      0 |   1479 |   3 |  576.7 |
               +--------+--------+--------+--------+--------+-----+--------+

Top non-repeatable levels by time:
     D:2: 905 daAuts
     D:1: 790 daAuts
     D:3: 34 daAuts
